FIQ, neutral male gnomish Wizard G h x G hd Z b .e..| -.@.- d G --Z.. : --N. |..... -....| .....| h |.--- |...-- |....-- |.....-- ---...<| ----.| --- FIQ the Evoker Experience level: 1 Strength: 9 Dexterity: 17 Constitution: 10 Intelligence: 20 Wisdom: 10 Charisma: 9 Health: 0(11) Energy: 4(10) Def: 1 Gold: 265 Moves: 795 Dungeon seed: 67KbpfoqO-69L9My Game ID: FIQ_1441928459 Your Inventory: Coins $ - 265 gold pieces Weapons a - a blessed +1 quarterstaff (weapon in hands) p - an uncursed +2 aklys (alternate weapon; not wielded) Armor e - an uncursed +0 cloak of magic resistance (being worn) Comestibles I - an uncursed food ration Scrolls i - an uncursed scroll of confuse monster j - an uncursed scroll of gold detection k - an uncursed scroll of enchant weapon M - an uncursed scroll of scare monster P - an uncursed scroll of create monster Spellbooks E - an uncursed spellbook of detect treasure F - a blessed spellbook of wizard lock N - an uncursed spellbook of cure sickness O - an uncursed spellbook of fireball Potions f - an uncursed potion of invisibility g - an uncursed potion of sleeping h - an uncursed potion of see invisible Rings c - an uncursed +1 ring of increase accuracy d - an uncursed +2 ring of adornment J - an uncursed ring of see invisible Wands b - an uncursed wand of polymorph (0:0) G - an uncursed wand of lightning (0:5) Tools o - an uncursed magic marker (0:49) Gems n - an uncursed flint stone q - an uncursed garnet stone r - an uncursed worthless piece of blue glass Spells and supernatural/magical abilities: Name Level Category Fail Memory a - force bolt 1 attack 0% 97% f - fireball 4 attack 63% 100% i - invisibility 4 escape 100% 97% j - jumping 1 escape 0% 97% l - light 1 divination 0% 97% m - magic missile 2 attack 0% 97% n - detect monsters 1 divination 0% 98% v - clairvoyance 3 divination 77% 98% w - wizard lock 2 matter 48% 97% B - cure blindness 2 healing 48% 97% C - cancellation 7 matter 100% 97% E - detect food 2 divination 48% 97% G - detect treasure 4 divination 100% 97% K - cure sickness 3 healing 77% 100% R - restore ability 4 healing 100% 97% S - stone to flesh 3 healing 77% 97% W - pray for help -- divine ? -- Your skills at the end: Fighting Skills Weapon Skills quarterstaff [Basic] Spellcasting Skills attack spells [Basic] enchantment spells [Basic] Final Attributes: You were devoutly aligned. You were magic-protected. You had infravision. You were sensing the presence of monsters. You are dead. Vanquished creatures: a coyote 2 yellow molds a gecko 2 jackals 2 foxen 2 kobolds a goblin 3 grid bugs a lichen a newt 16 creatures vanquished. Voluntary challenges: You were an atheist. You never hit with a wielded weapon. You were a pacifist. You read items or engraved 164 times, starting on turn 24. You never genocided any monsters. You polymorphed 19 items, starting on turn 19. You never changed form. You used no wishes. You never split a pudding. You wrote Elbereth's name 1 time, starting on turn 241. You never violated your personal moral code. Dungeon overview: The Dungeons of Doom: levels 1 to 3 Level 1 some fountains a long staircase Level 2 a fountain Level 3 stairs to The Gnomish Mines The Gnomish Mines: Level 4 <- You were here stairs to The Dungeons of Doom History has recorded: On T:1 you entered the Dungeons of Doom to retrieve the Amulet of Yendor! On T:466 you reached level 2 of The Dungeons of Doom. On T:496 you reached level 3 of The Dungeons of Doom. On T:758 you reached level 1 of The Gnomish Mines. Score breakdown: Gold: 265 ( 26 points) Experience: 1 level ( 0 points) Exploration: 4 levels ( 90 points) Discoveries: 17 items ( 850 points) Variety of kills: 10 monsters ( 500 points) Major goal: (nothing yet) ( 0 points) Survival: died (score multiplied by 3) Total score: 4398 Latest messages: The gnome zombie hits! You die... Final status: Goodbye FIQ the Wizard, killed by a gnome zombie... You died in The Gnomish Mines on dungeon level 4 with 4398 points, and 265 pieces of gold, after 795 moves. You were level 1 with a maximum of 11 hit points when you died.